 Dungeon Crawl Stone Soup version 0.29-a0-1030-gf5f8719cae (webtiles) character file.

Game seed: 7992240052152522642

151 GreenGift the Gusty (level 5, -2/38 HPs)
             Began as a Draconian Air Elementalist on Aug 14, 2022.
             Slain by Robin
             ... wielding a +0 trident
              (3 damage)
             ... on level 3 of the Dungeon.
             The game lasted 00:17:56 (4453 turns).

GreenGift the Gusty (Draconian Air Elementalist)    Turns: 4453, Time: 00:17:56

Health: -2/38      AC:  7    Str: 10    XL:     5   Next: 10%
Magic:  9/9        EV: 12    Int: 17    God:
Gold:   103        SH:  0    Dex: 12    Spells: 5/9 levels left

rFire   . . .      SeeInvis .   a - +1 dagger
rCold   . . .      Faith    .   (no shield)
rNeg    . . .      Spirit   .   (body armour unavailable)
rPois   .          Reflect  .   (helmet restricted)
rElec   .          Harm     .   (no cloak)
rCorr   .          Rampage  .   e - +1 pair of gloves
Will    .....                   (no boots)
Stlth   +.........              b - amulet of magic regeneration
HPRegen 0.12/turn               (no ring)
MPRegen 0.51/turn               (no ring)

@: confused
A: AC +5, unfitting armour, cold-blooded
a: no special abilities


You were on level 3 of the Dungeon.
You visited 1 branch of the dungeon, and saw 3 of its levels.

You collected 103 gold pieces.

Inventory:

Hand Weapons
 a - a +1 dagger (weapon)
Armour
 e - a +1 pair of gloves (worn)
Jewellery
 b - an amulet of magic regeneration (around neck)
Scrolls
 f - 8 scrolls of enchant weapon
 g - 3 scrolls of butterflies
Potions
 c - a potion of magic {unknown}
 d - a potion of haste {unknown}
 h - a potion of degeneration {unknown}
 i - a potion of resistance {unknown}
 j - a potion of might {unknown}


   Skills:
 + Level 2.5 Dodging
 + Level 2.5 Stealth
 + Level 2.6 Spellcasting
 + Level 2.2 Conjurations
 * Level 4.1 Air Magic


You had 5 spell levels left.
You knew the following spells:

 Your Spells              Type           Power      Damage    Failure   Level
a - Shock                 Conj/Air       52%        1d6       4%          1
b - Static Discharge      Conj/Air       13%        3-5/arc   8%          2
c - Apportation           Tloc           4%         N/A       19%         1

Your spell library contained the following spells:

 Spells                   Type           Power      Damage    Failure   Level
 Swiftness                Air            16%        N/A       10%         3
 Slow                     Hex            8%         N/A       19%         1
 Airstrike                Air            8%         2d(2-18)  32%         4
 Confusing Touch          Hex            2%         N/A       47%         3
 Vampiric Draining        Necr           2%         2d6       47%         3
 Alistair's Intoxication  Tmut/Pois      1%         N/A       99%         5


Dungeon Overview and Level Annotations

Branches:
Dungeon (3/15)

Altars:

Shops:
D:3 (

Annotations:
D:3 Robin


Innate Abilities, Weirdness & Mutations

Your plain brown scales are hard. (AC +5)
You cannot fit into any form of body armour.
You are cold-blooded and may be slowed by cold attacks.


Message History

Something hits you. Robin hits you but does no damage.
There are monsters nearby!
You bump into the rock wall.
The goblin hits you with a +0 dagger.
You hear some strange, mumbled words.
You are more confused.
Robin hits you from afar with a +0 trident!
You hear a shout!
You miss the goblin. The goblin hits you with a +0 dagger.
* * * LOW HITPOINT WARNING * * *
Something hits you.
* * * LOW HITPOINT WARNING * * *
Robin barely misses you.
You bump into the rock wall.
The goblin hits you but does no damage.
You hear some strange, mumbled words.
Something tries to affect you, but you resist.
Robin hits you but does no damage.
You hear a shout!
You hit the goblin.
The goblin is severely wounded.
The goblin hits you but does no damage. Something hits you but does no damage.
You hit the goblin.
You kill the goblin!
Something hits you but does no damage. Robin closely misses you.
You are too confused!
Robin throws the goblin at you! The goblin hits you but does no damage.
Things that are here:
a +0 dagger; a goblin corpse You are too injured to fight recklessly!
You bump into the rock wall.
You hear some strange, mumbled words.
A puff of flame appears from out of thin air!
The puff of flame hits you.
* * * LOW HITPOINT WARNING * * *
The goblin hits you but does no damage.
You hit the goblin.
You kill the goblin!
Something hits you.
* * * LOW HITPOINT WARNING * * *
Robin hits you from afar with a +0 trident.
You die...

#....gg...
####...
#......g..
##### #...
#....g.. #...#
#... #..o..
#.#.# #...
#.#g### #.#.#
#... #..)g.#
#.#.# ####
#...##g#
#.#.######
#.#####{#
#.#....... #.
#@#
#.#.######## #.
#)#
#........... #
#.#
###.########
#.# #.# #.....
#.# #.# #.####
#.# #.# #.# #.#
#.# #.# #.# #<#
#.#
#.###########.#


You could see Robin and a hobgoblin (strong).

Vanquished Creatures
  A phantom (D:3)
  A worm (D:2)
  A dart slug (D:1)
  An orc (D:3)
  8 bats
  4 endoplasms
  3 giant cockroaches (D:1)
  14 goblins
  11 hobgoblins
  4 jackals (D:1)
  A quokka (D:1)
  6 ball pythons
  3 frilled lizards
  2 kobolds
  2 rats
62 creatures vanquished.

Notes
Turn   | Place    | Note
-------+----------+-------------------------------------------
     0 | D:1      | GreenGift the Draconian Air Elementalist began the quest
                  | for the Orb.
     0 | D:1      | Reached XP level 1. HP: 14/14 MP: 3/3
   312 | D:1      | Reached XP level 2. HP: 20/20 MP: 3/5
   320 | D:1      | Learned a level 2 spell: Static Discharge
  1138 | D:1      | Found a faded altar of an unknown god.
  1356 | D:1      | Reached XP level 3. HP: 23/26 MP: 1/6
  2133 | D:2      | Learned a level 1 spell: Apportation
  3497 | D:3      | Found Poypnak's Antique Weapon Boutique.
  4199 | D:3      | Noticed a phantom
  4215 | D:3      | Killed a phantom
  4216 | D:3      | Reached skill level 4 in Air Magic
  4216 | D:3      | Reached XP level 4. HP: 23/33 MP: 1/7
  4418 | D:3      | Noticed Robin
  4424 | D:3      | Reached XP level 5. HP: 38/38 MP: 5/8
  4453 | D:3      | HP: 1/38 [something (2)]
  4453 | D:3      | Slain by Robin

Illustrated notes

Levels and vault maps discovered:
D:1:      dpeg_arrival_radiant, layout_basic,
          hellmonk_ecumenical_altar_inner_sanctum
D:2:      layout_basic
D:3:      layout_basic, nicolae_ru_awakened_eye, serial_shops, shop, uniq_robin

Skill      XL: |  1  2  3 |
---------------+----------+-----
Stealth        | 2 |  2.5
Dodging        | 2 |  2.5
Conjurations   | 2 |  2.2
Air Magic      | 4 |  4.1
Spellcasting   | |  2.6

Action                   |  1- 3 |  4- 6 || total
-------------------------+-------+-------++-------
Melee: Unarmed           |    24 |       ||    24
       Tailslap          |     3 |       ||     3
       Dagger            |     4 |     6 ||    10
 Cast: Shock             |    86 |     3 ||    89
       Static Discharge  |    12 |     5 ||    17
       Apportation       |     1 |       ||     1
  Use: Scroll            |     2 |       ||     2
Armor: Skin              |    27 |    13 ||    40
Dodge: Dodged            |    47 |     8 ||    55

Table legend: (Time is in decaauts)
 A = Elapsed time spent in this place.
 B = Non-inter-level travel time spent in this place.
 C = Inter-level travel time spent in this place.
 D = Time resting spent in this place.
 E = Time spent auto-exploring this place.
 F = Levels seen in this place.
 G = Mean time per level.
                   A        B        C        D        E       F      G
               +--------+--------+--------+--------+--------+-----+--------+
         Total |   4452 |   4452 |      0 |   2161 |    324 |   3 | 1484.0 |
       Dungeon |   4452 |   4452 |      0 |   2161 |    324 |   3 | 1484.0 |
               +--------+--------+--------+--------+--------+-----+--------+

Top non-repeatable levels by time:
     D:1: 1720 daAuts
     D:2: 1449 daAuts
     D:3: 1281 daAuts
